AoeStats
← alix

Arabia

509128663Analyzed
1v1 RM · 7d ago on Sep 25, 2026· 32m 39s· 2 players
Game mode
Random Map
Map size
Tiny (2 player)
Population
200
Speed
Normal
Resources
Standard
Victory
Conquest
Starting age
Dark Age
Ending age
Imperial Age
RankedLock teamsTeams togetherTeam positionsShared explorationLock speedFull tech treeHidden civsTurbo modeCheats
Victory
Defeat
🇩🇪 Magyars · Germany
1825
+11
1720
-11
alix
5:31 Loom
8:25 Feudal Age
9:34 Double-Bit Axe
10:24 Horse Collar
16:47 Fletching
20:49 Castle Age
19:19 Padded Archer Armor
21:34 Bodkin Arrow
21:56 Elite Skirmisher
25:59 Bow Saw
26:27 Wheelbarrow
30:48 Town Watch
31:50 Ballistics
32:37 Leather Archer Armor
Great sage equal to heaven
6:33 Loom
8:57 Feudal Age
8:59 Man-at-Arms
14:11 Double-Bit Axe
21:33 Castle Age
19:44 Horse Collar
19:56 Fletching
20:07 Padded Archer Armor
21:48 Crossbowman
22:36 Bodkin Arrow
24:51 Town Watch
29:03 Bow Saw
Connection lost

Rejoining the realm…

Still unreachable

The connection could not be restored.

Session expired

The server has moved on; the page needs a fresh start.